 Dungeon Crawl Stone Soup version 0.31-a0-978-g1e143483b6 (webtiles) character file.

Game seed: 11108204746502749063

637 horus123 the Magician (level 7, -5/40 HPs)
             Began as a Deep Elf Earth Elementalist on Oct 31, 2023.
             Was an Initiate of the Shining One.
             Shot with an arrow by a centaur (12 damage)
             ... on level 5 of the Dungeon.
             The game lasted 00:06:53 (3242 turns).

horus123 the Magician (Deep Elf Earth Elementalist) Turns: 3242, Time: 00:06:54

Health: -5/40      AC:  4    Str:  5    XL:     7   Next: 25%
Magic:  14/18      EV: 12    Int: 22    God:    the Shining One [......]
Gold:   168        SH:  0    Dex: 15    Spells: 7/18 levels left

rFire   . . .        p - +2 dagger (venom)
rCold   . . .        (no shield)
rNeg    . . .        a - +0 robe
rPois   .            (no helmet)
rElec   .            s - +0 cloak
rCorr   +            o - +0 pair of gloves
SInv    .            (no boots)
Will    .....        (no amulet)
Stlth   +            k - ring of resist corrosion
HPRegen 0.26/turn    (no ring)
MPRegen 0.16/turn

%: no passive effects
@: glowing
A: no striking features
a: Renounce Religion


You were on level 5 of the Dungeon.
You worshipped the Shining One.
The Shining One was noncommittal.
You visited 1 branch of the dungeon, and saw 5 of its levels.

You collected 168 gold pieces.

Inventory:

Hand Weapons
 p - a +2 dagger of venom (weapon)
Missiles
 l - 2 throwing nets
Armour
 a - a +0 robe (worn)
 h - an orb of mayhem
 o - a +0 pair of gloves (worn)
 s - a +0 cloak (worn)
Magical Staves
 t - a staff of cold
Jewellery
 k - a ring of resist corrosion (left hand)
Scrolls
 c - 5 scrolls of identify {unknown}
 d - 3 scrolls of teleportation {unknown}
 i - a scroll of immolation {unknown}
 j - a scroll of fear {unknown}
 n - a scroll of summoning {unknown}
 q - a scroll of poison {unknown}
 u - a scroll of enchant armour {unknown}
Potions
 b - a potion of magic
 e - a potion of lignification
 f - a potion of heal wounds
 g - 3 potions of berserk rage {unknown}
 m - 4 potions of curing {unknown}
 r - a potion of cancellation {unknown}


   Skills:
 - Level 2.1 Fighting
 - Level 2.4 Dodging
 - Level 2.4 Stealth
 - Level 6.0 Spellcasting
 - Level 5.0 Conjurations
 - Level 1.1 Transmutations
 + Level 5.4 Earth Magic


You had 7 spell levels left.
You knew the following spells:

 Your Spells              Type           Power      Damage    Failure   Level
a - Sandblast             Erth           60%        2d14      1%          1
b - Stone Arrow           Conj/Erth      58%        3d10      3%          3
c - Brom's Barrelling Bo  Conj/Erth      29%        2d5       11%         4
d - Hailstorm             Conj/Ice       17%        3d6       10%         3

Your spell library contained the following spells:

 Spells                   Type           Power      Damage    Failure   Level
 Shock                    Conj/Air       68%        1d7       3%          1
 Passwall                 Tmut/Erth      16%        N/A       3%          2
 Petrify                  Tmut/Erth      20%        N/A       24%         4
 Animate Armour           Summ/Erth      36%        N/A       30%         4
 Freezing Cloud           Conj/Ice/Air   6%         6-21      78%         5


Dungeon Overview and Level Annotations

Branches:
Dungeon (5/15)
 Temple: D:4-7

Altars:
Trog
Wu Jian
Yredelemnul
The Shining One


Message History

You kill the scorpion!
You enter the shallow water.
Moving in this stuff is going to be slow.
You now have 168 gold pieces (gained 4).
You pick up Baped's Essays on Felsic Conflict and begin reading...
You add the spells Shock, Hailstorm, Animate Armour and Freezing Cloud to your library.
This spell is dangerous to cast!
You start memorising the spell.
You continue memorising. x3
You finish memorising.
Spell assigned to 'd'.
There is an open door here.
A centaur comes into view.
The centaur shouts!
The centaur wields a +0 shortbow.
The centaur shoots an arrow.
The arrow hits you!
The centaur shoots an arrow.
The arrow hits you.
You can't see any susceptible monsters within range! (Use Z to cast anyway.)
The centaur shoots an arrow.
The arrow hits you!
You are too injured to fight recklessly!
You are too injured to fight recklessly!
Aiming: Sandblast (safe; 1% risk of failure)
Press: ? - help, Q - select action, (/) - cycle Shift-Dir - straight line, f - centaur
Aim: a centaur, wielding a +0 shortbow (90% to hit)
The blast of sand misses the centaur.
The centaur shoots an arrow.
The arrow hits you!
* * * LOW HITPOINT WARNING * * *
The centaur shoots an arrow.
The arrow hits you.
* * * LOW HITPOINT WARNING * * *
Okay, then.
Casting: Sandblast (safe; 1% risk of failure)
Confirm with . or Enter, or press ? or * to list all spells.
Okay, then.
Casting: Sandblast (safe; 1% risk of failure)
Confirm with . or Enter, or press ? or * to list all spells.
Aiming: Stone Arrow (dangerous; 3% risk of failure)
Press: ? - help, Shift-Dir - straight line, f/p - centaur
Aim: a centaur, wielding a +0 shortbow (83% to hit)
The stone arrow hits the centaur!
The centaur is heavily wounded.
The centaur shoots an arrow.
The arrow hits you!
You die...

#~PP~~~ #~~~~~~ #~~~~P~
## #P~~~P~ ... ###P~.P~.
...$###### #........
.........# #........
....c....#######....##..
.....^.@.............'..
#####....#############..
#.#### ########.. ...
#........# ....
#........# ####
#........# ♣♣#........#
♣~~........#
~~P♣.......#


You could see a centaur.

Vanquished Creatures
  Eustachio (D:4)
  2 ogres (D:5)
  3 scorpions
  A hound (D:3)
  Crazy Yiuf (D:2)
  5 adders
  A white imp (D:5)
  A worm (D:3)
  A dart slug (D:2)
  2 orcs
  5 bats
  4 endoplasms
  2 giant cockroaches
  5 goblins (D:1)
  5 hobgoblins
  2 kobolds
  2 quokkas
  6 ball pythons
  3 frilled lizards (D:1)
  7 rats
59 creatures vanquished.

Notes
Turn   | Place    | Note
-------+----------+-------------------------------------------
     0 | D:1      | horus123 the Deep Elf Earth Elementalist began the quest
                  | for the Orb.
     0 | D:1      | Reached XP level 1. HP: 10/10 MP: 6/6
   157 | D:1      | Reached skill level 4 in Spellcasting
   157 | D:1      | Reached XP level 2. HP: 15/15 MP: 3/9
  1101 | D:2      | Reached XP level 3. HP: 19/19 MP: 8/10
  1105 | D:2      | Learned a level 3 spell: Stone Arrow
  1782 | D:2      | Found a runed translucent door.
  1783 | D:2      | Noticed Crazy Yiuf
  1784 | D:2      | Identified the +9 hammer of Gin and Tonic {drain, rC++
                  | Str+2 Stlth-}
  1790 | D:2      | Killed Crazy Yiuf
  1791 | D:2      | Reached skill level 5 in Earth Magic
  1791 | D:2      | Reached skill level 1 in Conjurations
  1791 | D:2      | Reached XP level 4. HP: 24/24 MP: 8/12
  1796 | D:2      | Learned a level 4 spell: Brom's Barrelling Boulder
  2082 | D:3      | Found a bloodstained altar of Trog.
  2180 | D:3      | Found a glowing golden altar of the Shining One.
  2182 | D:3      | Noticed an angel
  2191 | D:3      | Found a basalt altar of Yredelemnul.
  2240 | D:3      | Became a worshipper of the Shining One
  2415 | D:3      | Found an ornate altar of the Wu Jian Council.
  2456 | D:3      | Noticed a scorpion
  2463 | D:3      | Killed a scorpion
  2464 | D:3      | Reached XP level 5. HP: 11/28 MP: 8/13
  2700 | D:4      | Identified the of Rylatry
  2700 | D:4      | Noticed Eustachio
  2706 | D:4      | Killed Eustachio
  2707 | D:4      | Reached skill level 5 in Conjurations
  2707 | D:4      | Reached XP level 6. HP: 32/32 MP: 9/14
  2862 | D:5      | Identified the "Ulesanki"
  2862 | D:5      | Entered Level 5 of the Dungeon
  2904 | D:5      | Reached skill level 5 in Spellcasting
  3000 | D:5      | Reached skill level 6 in Spellcasting
  3000 | D:5      | Reached skill level 1 in Fighting
  3154 | D:5      | Reached XP level 7. HP: 40/40 MP: 15/18
  3208 | D:5      | Learned a level 3 spell: Hailstorm
  3242 | D:5      | Shot with an arrow by a centaur

Illustrated notes

Levels and vault maps discovered:
D:1:      heliophobic_arrival_henge, layout_basic, minmay_stone_trees_small
D:2:      layout_loops_corners, uniq_crazy_yiuf_cottage
D:3:      layout_basic, grunt_temple_overflow_holy_war,
          mainiacjoe_overflow_surrounded_room,
          mainiacjoe_overflow_cross_hatched, mrwooster_statue_mirror,
          minmay_misc_feat_hallway, nicolae_kite_square_tiling_tiny
D:4:      minmay_polygon_palace, layout_rooms, nicolae_ru_awakened_eye,
          mainiacjoe_overflow_catwalk, serial_shops, nicolae_shop_behind_doors,
          ebering_ghost_disaster_area, kennysheep_donut, uniq_sigmund,
          uniq_pikel, uniq_eustachio, uniq_duvessa
D:5:      layout_basic, serial_bayou, serial_bayou_shore_a, serial_bayou_pond_b,
          serial_bayou_lagoon_b, serial_bayou_ford_a

Skill      XL: |  1  2  3  4  5  6 |
---------------+-------------------+-----
Spellcasting   | 4 6 |  6.0
Earth Magic    | 4 5 |  5.4
Conjurations   | 1 3 5 |  5.0
Fighting       | 2 |  2.1
Dodging        | |  2.4
Stealth        | |  2.4
Transmutations | |  1.1

Action                     |  1- 3 |  4- 6 |  7- 9 || total
---------------------------+-------+-------+-------++-------
   Cast: Sandblast         |    46 |    47 |     4 ||    97
         Stone Arrow       |       |       |     1 ||     1
    Use: Potion            |       |     2 |       ||     2
 Armour: Robe              |     6 |    14 |     6 ||    26
  Dodge: Dodged            |     2 |    11 |       ||    13

Table legend: (Time is in decaauts)
 A = Elapsed time spent in this place.
 B = Non-inter-level travel time spent in this place.
 C = Inter-level travel time spent in this place.
 D = Time resting spent in this place.
 E = Time spent auto-exploring this place.
 F = Levels seen in this place.
 G = Mean time per level.
                   A        B        C        D        E       F      G
               +--------+--------+--------+--------+--------+-----+--------+
         Total |   3295 |   3229 |     66 |    310 |   2432 |   5 |  659.0 |
       Dungeon |   3295 |   3229 |     66 |    310 |   2432 |   5 |  659.0 |
               +--------+--------+--------+--------+--------+-----+--------+

Top non-repeatable levels by time:
     D:2: 1057 daAuts
     D:1: 867 daAuts
     D:3: 807 daAuts
     D:5: 398 daAuts
     D:4: 165 daAuts
